Map: Deathaura LE

Players

A.I. 1 (Elite)

  • Race: Protoss Protoss

joan - Winner!

  • Race: Protoss Protoss

VOD

Have the link to the VOD?

Description

Time

  • Played on: May 19, 2021, 1:44 a.m.
  • Length: 12:18
Show
View Real Time Build Order
Export as new Build Order

A.I. 1 (Elite) Protoss 

Build Orders: Colossus Rush 

Get SALT Encoding   

  12  0:00  Probe  
  13  0:13  Probe  
  14  0:20  Pylon  
  14  0:25  Probe  
  15  0:34  Probe  
  15  0:42  Probe  
  16  0:47  Assimilator  
  17  0:50  Gateway  
  17  0:52  Probe  
  18  1:00  Probe  
  18  1:01  Pylon  
  19  1:08  Probe  
  20  1:18  Probe  
  21  1:30  Probe  
  22  1:39  Zealot  
  24  1:42  Probe  
  25  1:50  Nexus  
  25  2:01  Probe  
  25  2:03  Cybernetics Core  
  26  2:09  Probe  
  27  2:18  Probe  
  28  2:29  Pylon  
  28  2:30  Probe  
  29  2:39  Warp Gate, Stalker  
  29  2:40  Gateway  
  29  2:43  Assimilator  
  30  2:45  Probe  
  31  2:57  Probe  
  31  2:58  Probe  
  32  3:00  Pylon  
  33  3:05  Probe  
  33  3:09  Adept  
  33  3:10  Probe  
  36  3:13  Probe  
  38  3:26  Robotics Facility  
  38  3:27  Adept  
  38  3:30  Probe  
  38  3:32  Probe  
  42  3:39  Adept  
  44  3:42  Probe  
  44  3:44  Probe  
  46  3:50  Adept  
  46  3:54  Probe  
  47  3:57  Probe  
  50  4:06  Probe  
  50  4:09  Adept, Probe  
  54  4:12  Pylon, Adept  
  54  4:15  Robotics Bay  
  54  4:16  Observer  
  55  4:19  Probe  
  55  4:21  Probe  
  55  4:24  Robotics Facility  
  59  4:28  Pylon  
  59  4:31  Probe  
  60  4:40  Probe  
  60  4:42  Pylon  
  60  4:43  Probe  
  62  4:46  Stalker  
  62  4:50  Stalker  
  66  5:03  Gateway  
  66  5:11  Zealot  
  66  5:13  Pylon  
  66  5:14  Colossus, Zealot  
  76  5:23  Pylon  
  76  5:24  Zealot  
  78  5:34  Zealot  
  80  5:44  Stalker, Probe x2  
  80  5:46  Assimilator  
  84  5:51  Pylon  
  84  5:53  Nexus  
  84  5:54  Sentry  
  84  5:56  Pylon  
  86  5:57  Assimilator  
  86  6:08  Probe  
  87  6:16  Twilight Council, Probe  
  87  6:20  Probe  
  87  6:23  Pylon  
  87  6:24  Probe  
  89  6:29  Pylon  
  89  6:32  Pylon  
  90  6:34  Pylon  
  90  6:42  Forge  
  90  6:52  Forge  
  90  6:57  Zealot x2  
  90  7:00  Templar Archives  
  94  7:03  Stalker, Gateway  
  94  7:06  Probe x3  
  99  7:09  Assimilator  
  99  7:13  Zealot  
  99  7:15  Assimilator, Probe  
  101  7:17  Zealot, Photon Cannon  
  101  7:18  Probe  
  101  7:19  Probe  
  101  7:22  Protoss Ground Armor Level 1, Protoss Ground Weapons Level 1  
  106  7:23  Probe  
  106  7:25  Stalker  
  106  7:26  Zealot  
  111  7:30  Probe  
  111  7:31  Probe  
  111  7:35  Probe  
  114  7:37  Stalker  
  114  7:40  Stalker  
  114  7:42  Probe  
  114  7:43  Probe  
  120  7:47  Probe  
  120  7:48  High Templar  
  123  7:53  Immortal  
  123  7:54  Probe  
  123  7:56  Sentry, Probe, Immortal  
  131  7:59  Probe  
  131  8:00  Stalker, High Templar  
  140  8:06  Probe  
  140  8:08  Probe  
  140  8:11  Pylon, Probe  
  143  8:14  Psionic Storm  
  143  8:19  Stalker  
  145  8:20  Zealot  
  145  8:23  Stalker  
  145  8:24  Archon  
  149  8:32  Pylon  
  149  8:33  High Templar  
  151  8:35  Photon Cannon  
  151  8:38  Photon Cannon  
  151  8:40  Pylon  
  151  8:41  Sentry  
  153  8:42  High Templar  
  153  8:46  Stalker  
  157  8:52  Charge  
  157  8:55  Nexus  
  157  9:00  Photon Cannon  
  157  9:01  Pylon  
  157  9:02  Observer  
  157  9:08  Immortal  
  162  9:14  Zealot  
  164  9:17  Zealot x2  
  164  9:18  Zealot  
  164  9:19  Observer  
  164  9:22  Pylon  
  135  9:32  Stalker  
  135  9:34  Zealot  
  135  9:35  High Templar  
  103  9:38  Stalker  
  103  9:40  Warp Prism  
  95  9:46  Warp Prism  
  95  9:50  High Templar  
  99  9:54  Stalker  
  99  9:59  Stalker  
  103  10:01  Adept  
  105  10:14  Immortal  
  89  10:16  Stalker, Immortal  
  89  10:17  Stalker, Assimilator, Probe  
  89  10:19  Zealot  
  89  10:20  Probe  
  94  10:22  Zealot, Probe  
  84  10:32  Sentry  
  84  10:33  Zealot  
  78  10:39  Zealot  
  73  10:42  Adept  
  62  10:52  Zealot  
  56  11:00  Zealot  
  23  11:25  Probe  
Show
View Real Time Build Order
Export as new Build Order

joan Protoss - Winner!

Build Orders: 1 Gate Expand, Double Forge, Archon Immortal 

Get SALT Encoding   

  12  0:00  Probe  
  13  0:12  Probe  
  14  0:16  Pylon  
  14  0:24  Probe (Chrono Boost)  
  16  0:36  Probe (Chrono Boost)  
  16  0:37  Gateway  
  16  0:42  Probe (Chrono Boost)  
  16  0:46  Assimilator  
  17  0:51  Probe  
  18  1:03  Probe  
  19  1:15  Probe  
  20  1:21  Nexus  
  20  1:32  Cybernetics Core  
  20  1:38  Assimilator, Probe  
  21  1:45  Pylon  
  21  1:50  Probe  
  22  2:02  Probe  
  22  2:08  Warp Gate, Stalker  
  25  2:17  Probe  
  25  2:22  Robotics Facility  
  26  2:27  Gateway  
  27  2:32  Probe (Chrono Boost)  
  27  2:33  Probe (Chrono Boost)  
  29  2:45  Probe (Chrono Boost)  
  29  2:46  Probe (Chrono Boost)  
  29  2:50  Stalker  
  32  2:53  Probe  
  34  2:58  Probe  
  34  3:05  Probe  
  35  3:10  Probe, Observer  
  37  3:13  Pylon  
  37  3:15  Stalker  
  37  3:17  Probe  
  40  3:22  Probe  
  40  3:26  Stalker  
  43  3:29  Probe  
  43  3:32  Observer  
  45  3:34  Probe  
  45  3:37  Pylon  
  46  3:41  Probe  
  46  3:47  Probe  
  48  3:49  Nexus  
  48  3:54  Probe  
  49  4:01  Immortal  
  53  4:05  Assimilator  
  53  4:06  Probe  
  53  4:07  Probe  
  55  4:10  Assimilator  
  55  4:12  Sentry  
  55  4:14  Sentry  
  59  4:18  Probe  
  59  4:19  Probe  
  61  4:30  Probe  
  62  4:31  Pylon  
  62  4:36  Forge  
  62  4:38  Forge  
  62  4:42  Twilight Council  
  62  4:49  Probe x2  
  68  4:53  Immortal  
  68  4:56  Stalker  
  70  5:04  Probe x2 (Chrono Boost), Protoss Ground Weapons Level 1 (Chrono Boost)  
  70  5:05  Probe (Chrono Boost)  
  73  5:13  Protoss Ground Armor Level 1 (Chrono Boost)  
  75  5:16  Probe (Chrono Boost)  
  75  5:17  Probe x2 (Chrono Boost)  
  75  5:20  Zealot x2  
  75  5:21  Probe (Chrono Boost)  
  80  5:25  Pylon  
  83  5:29  Probe x2 (Chrono Boost)  
  83  5:32  Probe (Chrono Boost)  
  84  5:41  Pylon, Probe (Chrono Boost)  
  84  5:42  Probe (Chrono Boost)  
  85  5:43  Immortal  
  85  5:44  Pylon, Probe (Chrono Boost)  
  85  5:46  Stalker  
  93  5:56  Nexus  
  93  5:59  Pylon, Probe  
  93  6:00  Probe x2  
  96  6:08  Stalker  
  96  6:10  Zealot  
  96  6:11  Probe  
  101  6:12  Probe  
  101  6:13  Charge (Chrono Boost), Probe  
  101  6:14  Templar Archives  
  103  6:22  Assimilator  
  103  6:23  Probe  
  103  6:24  Probe  
  103  6:25  Assimilator  
  105  6:27  Immortal  
  105  6:31  Zealot  
  105  6:32  Zealot  
  113  6:38  Protoss Ground Armor Level 2 (Chrono Boost), Protoss Ground Weapons Level 2 (Chrono Boost)  
  113  6:41  Probe x3  
  116  6:53  Probe  
  117  6:57  Pylon  
  117  7:00  Pylon  
  117  7:08  Probe x3  
  120  7:09  Immortal (Chrono Boost)  
  120  7:13  Pylon  
  124  7:15  Pylon  
  124  7:17  Pylon, Gateway  
  124  7:18  High Templar  
  124  7:19  Pylon, High Templar  
  124  7:20  Probe x2  
  124  7:21  Probe x2  
  124  7:22  Gateway  
  132  7:23  Gateway  
  132  7:32  Probe  
  132  7:33  Probe x2  
  135  7:37  Probe  
  135  7:38  Assimilator  
  135  7:40  Assimilator  
  136  7:44  Probe  
  136  7:45  Gateway, Probe  
  136  7:47  Gateway  
  136  7:48  Immortal (Chrono Boost)  
  136  7:50  Gateway x2  
  142  7:51  High Templar  
  142  7:52  High Templar  
  142  7:54  Archon  
  142  7:58  Archon  
  146  8:16  High Templar  
  146  8:17  High Templar  
  146  8:18  Zealot  
  152  8:24  Immortal (Chrono Boost)  
  152  8:25  Zealot x2  
  160  8:29  Archon  
  160  8:47  High Templar  
  160  8:48  Pylon, High Templar x5  
  172  8:49  Zealot x3  
  172  8:50  Pylon  
  172  8:53  Warp Prism (Chrono Boost)  
  178  8:57  Nexus  
  178  8:58  Archon x2  
  178  8:59  Archon  
  178  9:00  Pylon  
  180  9:03  Pylon  
  180  9:09  Zealot  
  182  9:10  Zealot  
  182  9:11  Zealot  
  186  9:29  Zealot x2  
  186  9:30  Zealot x6  
  192  9:35  Zealot  
  182  9:45  Immortal (Chrono Boost)  
  184  9:50  Protoss Shields Level 1 (Chrono Boost)  
  182  10:15  Zealot x6  
  182  10:16  Zealot x3  
  198  10:29  Gateway  
  198  10:32  Gateway  
  192  10:37  Pylon  
  192  10:40  Gateway  
  192  10:42  Gateway  
  186  10:44  Gateway  
  186  10:45  Gateway  
  186  10:47  Gateway  
  186  10:48  Gateway x2  
  182  10:50  Gateway  
  182  10:51  Gateway x2  
  182  10:52  Gateway x2  
  182  10:53  Gateway  
  182  10:54  Gateway x2  
  182  10:55  Gateway x2  
  182  11:00  Assimilator  
  182  11:01  Gateway  
  182  11:03  Assimilator, Gateway  
  180  11:05  High Templar x9  
  180  11:06  Gateway x2  
  180  11:09  Gateway  
  190  11:13  Archon x3  
  190  11:14  Archon  
  190  11:18  Immortal (Chrono Boost)  
  192  11:35  High Templar x3  
  192  11:37  Zealot  
  200  11:40  Archon  
  200  11:42  Archon  
  200  11:51  Nexus  
  200  11:54  Pylon  
  200  11:57  Pylon  
  200  12:00  Unknown  
  200  12:05  Unknown  
Tags
 
Add a new tag
Caveats
  • Supply blocks, unpowered buildings, or Contaminate may cause inaccurate times.
  • Supply counts are checked every 10 seconds.